 Dungeon Crawl Stone Soup version 0.20-a0-1020-g7b9e4fe (console) character file.

2823 nht the Martial Artist (level 9, -5/64 HPs)
             Began as a Green Draconian Transmuter on Apr 18, 2017.
             Was a Priest of Wu Jian.
             Slain by inmateoo's ghost (23 damage)
             ... on level 7 of the Dungeon.
             The game lasted 00:19:10 (6767 turns).

nht the Martial Artist (Green Draconian Transmuter) Turns: 6767, Time: 00:19:11

Health: -5/64      AC:  7    Str: 12    XL:     9   Next: 45%
Magic:  17/21      EV: 12    Int: 17    God:    Wu Jian [***...]
Gold:   63         SH:  0    Dex: 12    Spells: 4/12 levels left

rFire    . . .     SeeInvis .     - Unarmed
rCold    . . .     Gourm    .   (shield currently unavailable)
rNeg     . . .     Faith    +   (armour unavailable)
rPois    +         Spirit   .   (helmet restricted)
rElec    .         Reflect  .   (no cloak)
rCorr    +         Harm     .   (gloves currently unavailable)
MR       .....                  (no boots)
Stlth    +.........             q - amulet of faith
Regen    0.2/turn               r - ring of resist corrosion
MPRegen  0.2/turn               j - ring of magical power

@: blade hands, glowing
A: breathe noxious fumes, unfitting armour, poison resistance, cold-blooded, AC
+7
a: Breathe Noxious Fumes, End Transformation, Renounce Religion


You were on level 7 of the Dungeon.
You worshipped Wu Jian.
Wu Jian was most pleased with you.
You were not hungry.
You had blades for hands.
You visited 1 branch of the dungeon, and saw 7 of its levels.

You collected 349 gold pieces.
You spent 286 gold pieces at shops.

Inventory:

Missiles
 a - 94 arrows
Armour
 g - a +1 pair of gloves (melded)
Magical Staves
 e - an uncursed staff of air
 m - an uncursed staff of poison
Jewellery
 j - a ring of magical power (right scythe-like blade)
 q - an amulet of faith (around neck)
 r - a ring of resist corrosion (left scythe-like blade)
Scrolls
 f - 5 scrolls of identify
 h - 4 scrolls of teleportation
 u - a scroll of magic mapping
Potions
 i - a potion of might
 l - 3 potions of curing
 n - 3 potions of magic
 o - a potion of resistance
 t - a potion of flight
 v - a potion of mutation
 w - a potion of haste
 x - a potion of lignification
 z - a potion of heal wounds
Books
 b - a book of Changes

   Spells                             Type                      Level
   a - Beastly Appendage              Transmutation                1
   b - Sticks to Snakes               Transmutation                2
   c - Spider Form                    Transmutation/Poison         3
   d - Ice Form                       Ice/Transmutation            4
   e - Blade Hands                    Transmutation                5
 k - a book of Conjurations

   Spells                             Type                      Level
   a - Magic Dart                     Conjuration                  1
   b - Searing Ray                    Conjuration                  2
   c - Dazzling Spray                 Conjuration/Hexes            3
   d - Fulminant Prism                Conjuration/Hexes            4
   e - Force Lance                    Conjuration/Translocation    4
   f - Iskenderun's Mystic Blast      Conjuration                  4
 y - a book of Enchantments

   Spells                             Type                      Level
   a - Cause Fear                     Hexes                        4
   b - Yara's Violent Unravelling     Hexes/Transmutation          5
   c - Silence                        Hexes/Air                    5
   d - Deflect Missiles               Charms/Air                   6
   e - Discord                        Hexes                        8
Comestibles
 c - 4 bread rations
 d - 3 royal jellies
 p - 3 fruits
 s - a meat ration
 A - 3 chunks of flesh


   Skills:
 - Level 1.1 Fighting
 - Level 1.7 Dodging
 * Level 11.0 Unarmed Combat
 - Level 2.0 Spellcasting
 + Level 7.9 Transmutations


You had 4 spell levels left.
You knew the following spells:

 Your Spells              Type           Power        Failure   Level  Hunger
a - Blade Hands           Tmut           ####......   67%         5    ######.
b - Spider Form           Tmut/Pois      ###.......   54%         3    ###....


Dungeon Overview and Level Annotations

Branches:
Dungeon (7/15)             Temple (0/1) D:5

Altars:
Ashenzari
Cheibriados
Elyvilon
Hepliaklqana
Nemelex Xobeh
Okawaru
Wu Jian
Zin
The Shining One

Shops:
D:6 !

Annotations:
D:7 inmateoo's ghost, novice TrEn


Innate Abilities, Weirdness & Mutations

You can breathe blasts of noxious fumes.
Your lurid green scales are hard. (AC +7)
You cannot fit into any form of body armour.
Your system is resistant to poisons. (rPois)
You are cold-blooded and may be slowed by cold attacks.


Message History

Inmateoo's ghost is moderately damaged.
Inmateoo's ghost closely misses you.
You spin and attack inmateoo's ghost repeatedly.
You barely miss inmateoo's ghost.
Inmateoo's ghost is moderately damaged.
You barely miss inmateoo's ghost.
Inmateoo's ghost is moderately damaged.
Inmateoo's ghost misses you.
You spin and attack inmateoo's ghost.
You slice inmateoo's ghost!!
Inmateoo's ghost is severely damaged.
Inmateoo's ghost hits you but does no damage.
You spin and attack inmateoo's ghost.
You slash inmateoo's ghost!
Your tail-slap misses inmateoo's ghost.
Inmateoo's ghost is almost destroyed.
Inmateoo's ghost hits you!
* * * LOW HITPOINT WARNING * * *
You spin and attack inmateoo's ghost.
You hit inmateoo's ghost.
Inmateoo's ghost is almost destroyed.
Inmateoo's ghost hits you!!
You die...

██...█ █ .. ..████.. █.....
.$.... █. ... .......████...
......██. █.█ ....█..███...
......... █.█ █..██.....██
█........███ █.█ █.██..█████
██......█...███.██ ███.....██ █.
.......█.....██..███....██..███.
█................█...█.████..█..
.......█......@...███..██......
......█......W██..██..█.██.....
...█....███.███......█........
.. █...████.█ ██████.█........
.. ██.████..██ █.......... █.
█..█.....█ █.........█ . ██.
██...███.+ '.......... █.█..
█.███ ██ █........█. █....████.█
██........


You could see inmateoo's ghost.

Vanquished Creatures
  Eustachio (D:4)
  Edmund (D:5)
  A water moccasin (D:6)
  Duvessa (D:6)
  2 sky beasts
  2 ogres
  An ice beast (D:5)
  The ghost of nht the Ruffian, an amateur DrTm (D:3)
  A centaur (D:6)
  Blork the orc (D:5)
  5 bullfrogs
  A water moccasin zombie (D:5)
  A wyvern skeleton (D:6)
  Dowan (D:6)
  5 scorpions
  2 howler monkeys (D:5)
  2 crimson imps (D:6)
  A quasit (D:5)
  2 hounds
  2 orc priests
  A jelly (D:6)
  3 bullfrog skeletons
  A gnoll shaman (D:4)
  2 orc wizards (D:5)
  2 iguanas
  4 worker ants
  A hound skeleton (D:4)
  Robin (D:2)
  2 worker ant zombies
  11 gnolls
  4 adders
  A shadow imp (D:5)
  2 oozes
  An adder skeleton (D:6)
  3 worms
  A dart slug (D:5)
  2 leopard geckos
  20 orcs
  6 giant cockroaches
  20 goblins
  9 hobgoblins
  11 jackals
  10 kobolds
  3 quokkas
  7 bats
  4 frilled lizards
  6 rats
172 creatures vanquished.

Notes
Turn   | Place    | Note
-------+----------+-------------------------------------------
     0 | D:1      | nht the Draconian Transmuter began the quest for the Orb.
     0 | D:1      | Reached XP level 1. HP: 16/16 MP: 3/3
   457 | D:1      | Reached XP level 2. HP: 21/23 MP: 5/5
  1021 | D:2      | Found a snail-covered altar of Cheibriados.
  1071 | D:2      | You fall through a shaft!
  1071 | D:3      | Noticed nht's ghost (amateur DrTm)
  1163 | D:2      | Reached XP level 3. HP: 15/28 MP: 6/6
  1184 | D:2      | Learned a level 3 spell: Spider Form
  1363 | D:2      | Reached skill level 4 in Unarmed Combat
  1364 | D:2      | Noticed Robin
  1581 | D:2      | Killed Robin
  1593 | D:2      | Reached XP level 4. HP: 35/35 MP: 1/7
  1787 | D:2      | Found an ornate altar of the Wu Jian Council.
  1895 | D:2      | Became a worshipper of the Wu Jian Council
  2087 | D:3      | Killed nht's ghost
  2087 | D:3      | Reached skill level 5 in Unarmed Combat
  2087 | D:3      | Reached XP level 5. HP: 40/40 MP: 8/8
  2715 | D:3      | Reached XP level 6. HP: 38/47 MP: 6/9
  2769 | D:3      | Reached * piety under Wu Jian
  2769 | D:3      | Reached skill level 6 in Unarmed Combat
  2853 | D:3      | Found a hazy altar of Hepliaklqana.
  3407 | D:4      | Found a shattered altar of Ashenzari.
  3565 | D:4      | Noticed a sky beast
  3579 | D:4      | Killed a sky beast
  3579 | D:4      | Your scales start taking on a lurid green colour.
  3579 | D:4      | Reached XP level 7. HP: 37/52 MP: 3/10
  3579 | D:4      | Gained mutation: Your system is resistant to poisons. (rPois) [Green Draconian growth]
  3586 | D:4      | Learned a level 5 spell: Blade Hands
  3673 | D:4      | Found a glowing silver altar of Zin.
  3681 | D:4      | Reached skill level 5 in Transmutations
  3744 | D:4      | Found a white marble altar of Elyvilon.
  3821 | D:4      | Found a sparkling altar of Nemelex Xobeh.
  3846 | D:4      | Found an iron altar of Okawaru.
  3888 | D:4      | Reached skill level 7 in Unarmed Combat
  4016 | D:5      | Entered Level 5 of the Dungeon
  4021 | D:5      | Noticed Eustachio
  4021 | D:5      | Noticed Edmund
  4040 | D:4      | Killed Eustachio
  4040 | D:4      | Reached ** piety under Wu Jian
  4082 | D:5      | Noticed Blork the orc
  4100 | D:5      | Killed Blork the orc
  4144 | D:5      | Killed Edmund
  4144 | D:5      | Reached skill level 8 in Unarmed Combat
  4144 | D:5      | Reached XP level 8. HP: 36/59 MP: 8/11
  4572 | D:5      | Reached skill level 9 in Unarmed Combat
  4797 | D:5      | Found a staircase to the Ecumenical Temple.
  5252 | D:6      | Found a glowing golden altar of the Shining One.
  5357 | D:6      | Noticed Dowan
  5359 | D:6      | Noticed Duvessa
  5619 | D:7      | Reached *** piety under Wu Jian
  5729 | D:7      | Reached skill level 10 in Unarmed Combat
  5792 | D:6      | Reached XP level 9. HP: 62/64 MP: 8/12
  5815 | D:6      | Found a shattered altar of Ashenzari.
  5867 | D:6      | Killed Dowan
  5874 | D:6      | Killed Duvessa
  6072 | D:6      | Found Nokkif's Distillery.
  6076 | D:6      | Bought a potion of mutation for 88 gold pieces
  6076 | D:6      | Bought a potion of haste for 110 gold pieces
  6076 | D:6      | Bought a potion of lignification for 33 gold pieces
  6076 | D:6      | Bought a potion of heal wounds for 55 gold pieces
  6707 | D:7      | Reached skill level 11 in Unarmed Combat
  6759 | D:7      | Noticed inmateoo's ghost (novice TrEn)
  6767 | D:7      | Slain by inmateoo's ghost

Vault maps used:
D:1:      dpeg_arrival_rooms_b
D:2:      overflow_temple_1_default, lemuel_doored_altar, first_bread,
          minmay_box_of_dots, uniq_robin
D:3:      lemuel_crystal_altar
D:4:      nicolae_ashenzari_panopticon, nicolae_overflow_quartered_altars
D:5:      minmay_temple_entry_overgrown, uniq_edmund, uniq_eustachio,
          uniq_blork_the_orc
D:6:      serial_shops, nicolae_shop_stone, hangedman_feature_mirror,
          uniq_duvessa
D:7:      serial_shops, kennysheep_little_box

Skill      XL: |  1  2  3  4  5  6  7  8  9 |
---------------+----------------------------+-----
Unarmed Combat | 4 5 6 8 10 11 | 11.0
Transmutations | 3 4 5 7 |  7.9
Fighting       | |  1.1
Dodging        | |  1.7
Spellcasting   | |  2.0

Action                   |  1- 3 |  4- 6 |  7- 9 || total
-------------------------+-------+-------+-------++-------
Melee: Unarmed           |   173 |   210 |   323 ||   706
       Tailslap          |    14 |     9 |    31 ||    54
       Headbutt          |     1 |     4 |       ||     5
       Punch             |     1 |       |     5 ||     6
       Kick              |       |     3 |       ||     3
 Cast: Beastly Appendage |     2 |    11 |       ||    13
       Spider Form       |     1 |     7 |    18 ||    26
       Blade Hands       |       |       |     2 ||     2
 Abil: Breathe Noxious F |       |       |    13 ||    13
  Use: Potion            |     3 |     2 |       ||     5
       Scroll            |       |     7 |     6 ||    13
 Stab: Sleeping          |     3 |       |     1 ||     4
       Confused          |       |       |     9 ||     9
       Distracted        |       |       |     1 ||     1
  Eat: Chunk             |     2 |     9 |    16 ||    27
Armor: Skin              |    49 |    77 |    68 ||   194
Dodge: Dodged            |   107 |   126 |   128 ||   361
